Map: Backwater LE

Players

HateMe - Winner!

  • Race: Zerg Zerg
  • Spawn Location: 5:00

erL

  • Race: Terran Terran
  • Spawn Location: 11:00

Event: WCS Leipzig 2018

VOD

Have the link to the VOD?

Description

Time

  • Played on: Jan. 26, 2018, 6:41 a.m.
  • Length: 9:44

All games in this series

Show
View Real Time Build Order
Export as new Build Order

HateMe Zerg - Winner!

Build Orders: Hatch First 

Get SALT Encoding   

  12  0:01  Drone  
  13  0:13  Overlord  
  13  0:17  Drone  
  14  0:31  Drone  
  14  0:32  Drone  
  16  0:35  Drone  
  17  0:51  Hatchery  
  17  0:55  Drone  
  17  0:58  Drone  
  17  1:03  Extractor  
  17  1:13  Spawning Pool  
  17  1:16  Drone  
  17  1:20  Drone  
  18  1:28  Drone  
  19  1:40  Overlord  
  19  1:50  Drone  
  20  1:59  Queen  
  20  2:01  Zergling x2  
  23  2:03  Zergling x2  
  23  2:06  Metabolic Boost, Queen  
  26  2:13  Drone  
  26  2:14  Drone  
  28  2:24  Drone  
  28  2:26  Drone  
  30  2:36  Hatchery  
  29  2:41  Drone  
  29  2:42  Drone  
  31  2:47  Overlord  
  31  2:49  Drone  
  32  2:54  Drone  
  32  2:57  Drone  
  34  2:58  Queen  
  34  3:04  Overlord  
  36  3:10  Drone x3  
  40  3:12  Drone  
  40  3:17  Drone  
  40  3:18  Drone x2  
  43  3:21  Drone  
  44  3:28  Drone  
  44  3:29  Drone  
  44  3:30  Overlord  
  46  3:40  Zergling x6  
  49  3:42  Queen  
  51  3:49  Drone x3  
  51  3:50  Drone x3  
  51  3:53  Queen  
  59  4:00  Roach Warren  
  59  4:02  Overlord  
  58  4:03  Drone  
  58  4:04  Drone  
  60  4:13  Overlord  
  60  4:15  Drone x2  
  60  4:16  Drone, Extractor x2  
  61  4:17  Drone  
  61  4:18  Drone  
  61  4:21  Drone x4  
  67  4:32  Spore Crawler  
  67  4:33  Spore Crawler  
  67  4:34  Spore Crawler, Overlord  
  67  4:36  Drone  
  67  4:37  Evolution Chamber  
  67  4:38  Evolution Chamber  
  63  4:45  Roach  
  63  4:46  Roach x4  
  71  4:56  Roach x2  
  71  4:57  Roach  
  76  5:00  Overlord  
  76  5:04  Lair  
  72  5:20  Drone x9  
  79  5:23  Zerg Melee Weapons Level 1  
  79  5:25  Overlord  
  77  5:31  Drone  
  77  5:32  Drone x4  
  82  5:38  Overlord  
  82  5:39  Drone x4  
  86  5:43  Zergling x2  
  89  5:50  Roach x2  
  89  5:51  Extractor  
  89  5:54  Extractor  
  89  5:55  Extractor, Roach  
  89  5:57  Extractor  
  89  6:02  Roach x4  
  95  6:04  Overlord  
  95  6:05  Drone  
  95  6:06  Drone x3  
  95  6:08  Drone x3  
  101  6:15  Drone  
  102  6:20  Zerg Ground Armor Level 1  
  102  6:22  Zergling x4  
  103  6:33  Drone  
  103  6:34  Overlord x2  
  103  6:38  Drone x2  
  103  6:39  Hatchery  
  105  6:48  Drone, Hydralisk Den  
  105  6:49  Baneling Nest  
  105  6:51  Overlord  
  105  6:52  Zergling x14  
  111  6:57  Zergling x2  
  112  7:01  Drone  
  112  7:02  Drone x4  
  112  7:06  Overlord x2  
  112  7:07  Drone x2  
  118  7:13  Drone x3  
  118  7:14  Drone  
  121  7:17  Drone  
  121  7:18  Muscular Augments  
  121  7:19  Zerg Missile Weapons Level 1  
  114  7:36  Centrifical Hooks  
  108  7:39  Queen  
  108  7:42  Hydralisk x11  
  132  7:46  Overlord  
  132  7:48  Infestation Pit  
  131  7:59  Overlord  
  131  8:00  Hydralisk x6  
  131  8:01  Overseer  
  143  8:08  Hydralisk x4  
  143  8:11  Overseer  
  151  8:22  Hatchery  
  151  8:26  Zergling x4  
  151  8:27  Zergling x14  
  159  8:36  Zergling x4  
  159  8:37  Zergling x10  
  166  8:50  Overlord  
  166  8:52  Zergling x2  
  166  8:53  Zergling x18  
  176  8:59  Zergling x2  
  176  9:00  Zergling x4  
  175  9:04  Zergling x8  
  175  9:09  Overseer  
  174  9:12  Ravager x2  
  174  9:13  Ravager x4  
  174  9:16  Zergling x2  
  184  9:17  Zergling x16  
  189  9:26  Zergling x10  
Show
View Real Time Build Order
Export as new Build Order

erL Terran 

Build Orders: Gas First Reaper Expand, Liberator Opening, Reaper Expand, Mech 

Get SALT Encoding   

  12  0:01  SCV  
  13  0:13  SCV  
  14  0:17  Supply Depot  
  14  0:25  SCV  
  15  0:28  Refinery  
  15  0:39  SCV  
  16  0:45  Barracks  
  16  0:51  SCV  
  17  1:03  SCV  
  18  1:15  SCV  
  19  1:32  Orbital Command  
  19  1:33  Reaper  
  20  1:48  Command Center  
  20  1:59  Factory  
  20  2:02  SCV  
  20  2:06  Barracks Reactor  
  21  2:17  SCV  
  21  2:19  Supply Depot  
  22  2:23  Refinery  
  22  2:29  SCV  
  23  2:46  SCV, Marine x2  
  23  2:47  Hellion  
  23  2:50  Starport  
  28  2:58  SCV  
  29  3:04  Marine x2  
  31  3:09  Orbital Command  
  31  3:10  SCV  
  32  3:22  SCV  
  32  3:24  Cyclone  
  36  3:27  Medivac  
  38  3:34  SCV  
  38  3:35  Supply Depot  
  38  3:36  SCV  
  38  3:40  Liberator  
  40  3:46  SCV  
  41  3:48  SCV  
  42  3:58  SCV  
  42  4:00  SCV  
  47  4:09  Supply Depot  
  47  4:10  SCV  
  47  4:13  SCV  
  47  4:15  Hellion x2  
  53  4:23  SCV  
  53  4:25  SCV  
  54  4:34  Supply Depot  
  54  4:35  SCV  
  54  4:36  Hellion x2  
  59  4:41  SCV  
  60  4:47  SCV  
  61  4:57  Hellion, Command Center  
  61  4:58  Hellion  
  61  4:59  SCV x2  
  67  5:01  Refinery  
  67  5:02  Refinery  
  67  5:11  SCV  
  67  5:13  SCV  
  69  5:19  Hellion  
  69  5:20  Hellion  
  64  5:23  SCV  
  64  5:25  SCV  
  63  5:35  SCV, Armory x2, Barracks Tech Lab  
  61  5:37  Factory, Starport Tech Lab  
  61  5:38  Factory  
  61  5:40  SCV, Hellion  
  61  5:42  Hellion  
  67  5:45  Supply Depot  
  67  5:48  Supply Depot  
  67  5:53  SCV x2  
  69  6:06  SCV, Hellion x2  
  69  6:07  SCV  
  75  6:11  SCV  
  76  6:24  SCV, Starport Reactor  
  76  6:25  Orbital Command  
  73  6:30  Hellion  
  75  6:35  Terran Vehicle And Ship Armor Level 1, Terran Vehicle Weapons Level 1  
  73  6:40  Siege Tank x2  
  73  6:41  Hellion, SCV  
  73  6:42  SCV  
  83  6:52  Supply Depot  
  83  6:53  Supply Depot  
  83  6:54  SCV  
  85  7:05  Hellion x2  
  88  7:12  Siege Tank  
  91  7:18  Siege Tank  
  91  7:26  Hellion  
  91  7:27  Hellion  
  86  7:42  SCV  
  87  7:45  Siege Tank  
  87  7:48  Hellion  
  92  7:51  Factory  
  92  7:53  Orbital Command, Factory  
  92  7:54  Supply Depot  
  92  7:56  Supply Depot  
  92  8:04  Refinery  
  92  8:09  SCV  
  92  8:11  Refinery  
  93  8:13  Supply Depot  
  93  8:14  Refinery  
  93  8:15  SCV  
  93  8:16  Hellion  
  96  8:21  SCV  
  96  8:25  Barracks Reactor  
  97  8:27  SCV  
  97  8:29  SCV, Hellion x6  
  99  8:35  SCV  
  99  8:38  Factory Tech Lab  
  99  8:40  SCV  
  101  8:54  Thor  
  101  8:55  Thor  
  106  9:10  Hellion x2, Siege Tank  
Tags
 
Add a new tag
Caveats
  • Supply blocks, unpowered buildings, or Contaminate may cause inaccurate times.
  • Supply counts are checked every 10 seconds.